Cogmind - Beta 12 @@@ ROGUE MODE // 2023.03.15 @ 22:56:32 Player: ChromeKnight Result: Destroyed by as-78679 with Assembled Heavy Rifle Performance ------------- Evolutions (0) 0 Regions Visited (2) 400 Robots Destroyed (2) 10 Value Destroyed (81) 81 Prototype IDs (0) 0 Alien Tech Used (0) 0 Bonus (0) 0 TOTAL SCORE: 491 Bonus ------- None Cogmind --------- Core Integrity 0/250 Matter 290/300 Energy 99/100 System Corruption 0% Temperature Cool (0) Movement Core (50) Location -10/Mines Parts ------- > --- POWER (1) -------- (None) > --- PROPULSION (2) --- (None) > --- UTILITY (2) ------ (None) > --- WEAPON (2) ------- (None) > --- INVENTORY (5) ---- Ion Engine Light Nuclear Core Small Storage Unit Large Storage Unit Rocket Launcher Peak State ------------ > --- POWER ------------ Light Ion Engine > --- PROPULSION ------- Aluminum Leg Aluminum Leg > --- UTILITY ---------- Small Storage Unit Signal Interpreter > --- WEAPON ----------- Light Assault Rifle > --- INVENTORY -------- (None) [Rating: 6] Favorites ----------- Power Light Ion Engine Engine Light Ion Engine Propulsion Aluminum Leg Leg Aluminum Leg Utility Signal Interpreter Storage Small Storage Unit Processor Signal Interpreter Weapon Light Assault Rifle Ballistic Gun Light Assault Rifle Build | -11 -10 -10 ------- Run | Jun Mat Min Slots Evolved . | . . . Power . | . . . Propulsion . | . . . Utility . | . . . Weapon . | . . . Parts Attached 7 | 5 2 . Power 1 | 1 . . Engine 1 | 1 . . Core . | . . . Reactor . | . . . Propulsion 2 | 2 . . Treads . | . . . Leg 2 | 2 . . Wheel . | . . . Hover . | . . . Flight . | . . . Utility 3 | 1 2 . Device . | . . . Storage 2 | 1 1 . Processor 1 | . 1 . Hackware . | . . . Protection . | . . . Artifact . | . . . Weapon 1 | 1 . . Energy Gun . | . . . Energy Cannon . | . . . Ballistic Gun 1 | 1 . . Ballistic Cannon . | . . . Launcher . | . . . Special Weapon . | . . . Impact Weapon . | . . . Slashing Weapon . | . . . Piercing Weapon . | . . . Special Melee Weapon . | . . . Unidentified Prototypes . | . . . Parts Lost . | . . . Power . | . . . Propulsion . | . . . Utility . | . . . Weapon . | . . . Highest Loss Streak . | . . . To Critical Strikes . | . . . Average Slot Usage (%) 76 | . 84 21 Engine 12 | . 14 3 Leg 25 | . 28 7 Storage 12 | . 14 3 Processor 11 | . 13 3 Ballistic Gun 12 | . 14 3 Naked Turns 33 | . . 33 Heaviest Build 14 | 9 14 14 Greatest Support 20 | 20 20 20 Greatest Overweight (x) . | . . . Average Overweight (x) . | . . . Largest Inventory Capacity 10 | 8 10 10 Average Capacity 8 | 7 8 5 Most Carried 5 | . 4 5 Average Carried 2 | . 2 4 Final Capacity 10 | 8 10 5 Final Carried 5 | . 4 5 Class Distribution -------------------- 100% | Mutant Dominant Class ---------------- Mutant | -10/Materials Mutant | -10/Mines Resources | -11 -10 -10 ----------- Run | Jun Mat Min Matter Collected 282 | 250 32 . Remotely . | . . . Salvage Created 85 | . 85 . Parts 3 | . 3 . Haulers Intercepted . | . . . Recyclers Shooed 1 | . 1 . Parts Field Recycled . | . . . Retrieved Matter . | . . . Parts Self-Destructed . | . . . Prevented . | . . . Kills | -11 -10 -10 ------- Run | Jun Mat Min Combat Hostiles Destroyed 2 | . 2 . Guns 2 | . 2 . Classes Destroyed 1 | . 1 . Grunt 2 | . 2 . Best Kill Streak 1 | . 1 . Combat Bots Only 1 | . 1 . Max Kills in Single Turn 1 | . 1 . Gunslinging . | . . . Exploded . | . . . Melee . | . . . Uniques/NPCs Destroyed . | . . . Combat | -11 -10 -10 -------- Run | Jun Mat Min Damage Taken 411 | . 216 195 Core 259 | . 77 182 Absorbed by Shields . | . . . Core Remaining (%) 100 | 100 . . Volleys Fired 22 | . 22 . Largest 1 | . 1 . Hottest 20 | . 20 . Shots Fired 22 | . 22 . Gun 22 | . 22 . Cannon . | . . . Launcher . | . . . Special . | . . . Kinetic 22 | . 22 . Thermal . | . . . Explosive . | . . . Electromagnetic . | . . . Robot Hit Streak 5 | . 5 . Robot Miss Streak 2 | . 2 . Penetration Max . | . . . Secondary Targets . | . . . Shots Hit Robots 16 | . 16 . Core Hits 6 | . 6 . Critical Kills . | . . . Critical Parts Destroyed 1 | . 1 . Critical Strikes 1 | . 1 . Destroy 1 | . 1 . Melee Attacks . | . . . Impact . | . . . Slashing . | . . . Piercing . | . . . Sneak Attacks . | . . . Combat Hostiles . | . . . Follow-up Attacks . | . . . Damage Inflicted 120 | . 120 . Guns 120 | . 120 . Cannons . | . . . Explosions . | . . . Melee . | . . . Ramming . | . . . Kinetic 120 | . 120 . Thermal . | . . . Explosive . | . . . Electromagnetic . | . . . Impact . | . . . Slashing . | . . . Piercing . | . . . Highest Corruption . | . . . Average Corruption . | . . . Corruption Purged . | . . . Corruption Blocked . | . . . Overload Shots . | . . . Overflow Damage . | . . . Projectiles . | . . . Explosions . | . . . Melee . | . . . Knockbacks . | . . . Impact . | . . . Kinetic . | . . . Secondary . | . . . Self-Inflicted Damage . | . . . Shots . | . . . Rammed . | . . . Targets Rammed . | . . . Kicked . | . . . Crushed . | . . . Highest Temperature 9 | . 9 . Average Temperature 8 | . 8 . Received Heat Transfer 135 | . 135 . Siege Activations . | . . . Robots Corrupted . | . . . Combat Hostiles . | . . . Parts Fried . | . . . Impact Corruptions . | . . . Robots Melted . | . . . Combat Hostiles . | . . . Parts Melted . | . . . Heat Transferred . | . . . Parts Sabotaged . | . . . Parts Stolen . | . . . Parts Stripped . | . . . Power Chain Reactions . | . . . Missiles Intercepted . | . . . Alert | -11 -10 -10 ------- Run | Jun Mat Min Peak Influence 95 | . 95 36 Initial 36 | . . 36 Average 47 | . 55 36 Maximum Alert Level . | . . . Low Security (%) 100 | 100 100 100 Level 1 . | . . . Level 2 . | . . . Level 3 . | . . . Level 4 . | . . . Level 5 . | . . . High Security . | . . . Max Security . | . . . Squads Dispatched . | . . . Investigation . | . . . Extermination . | . . . Reinforcement . | . . . Assault . | . . . Garrison . | . . . Intercept . | . . . Searches Triggered . | . . . Construction Impeded . | . . . Haulers Reinforced . | . . . Active Scanning Responses . | . . . Cargo Convoy Interrupts . | . . . Stealth | -11 -10 -10 --------- Run | Jun Mat Min Distress Signals . | . . . Communications Jammed . | . . . Distress Signals . | . . . Times Spotted 30 | . 6 24 Peak Tracking Total 20 | . 2 20 Tactical Retreats 3 | . 2 1 Traps | -11 -10 -10 ------- Run | Jun Mat Min Traps Triggered . | . . . Indirectly . | . . . Trap Hack Attempts . | . . . Triggered . | . . . Disarmed . | . . . Reprogrammed . | . . . Reused . | . . . Traps Extracted . | . . . Installed . | . . . Triggered . | . . . Machines | -11 -10 -10 ---------- Run | Jun Mat Min Machines Disabled . | . . . Max in Single Turn . | . . . Machines Repaired . | . . . Machines Sabotaged . | . . . Overloaded Fab Kills . | . . . Hacking | -11 -10 -10 --------- Run | Jun Mat Min Machines Accessed . | . . . Terminals . | . . . Fabricators . | . . . Repair Stations . | . . . Recycling Units . | . . . Scanalyzers . | . . . Garrison Access . | . . . Total Hacks . | . . . Successful . | . . . Failed . | . . . Catastrophic . | . . . Database Lockouts . | . . . Manual . | . . . Terminals . | . . . Fabricators . | . . . Repair Stations . | . . . Recycling Units . | . . . Scanalyzers . | . . . Garrison Access . | . . . Terminal Hacks . | . . . Fabricator Hacks . | . . . Repair Station Hacks . | . . . Recycling Unit Hacks . | . . . Scanalyzer . | . . . Garrison Access Hacks . | . . . Unauthorized Hacks . | . . . Terminals . | . . . Fabricators . | . . . Repair Stations . | . . . Recycling Units . | . . . Scanalyzers . | . . . Garrison Access . | . . . Data Cores Recovered . | . . . Used . | . . . Hacking Detections . | . . . Full Trace Events . | . . . Feedback Events . | . . . Feedback Blocked . | . . . Robot Schematics Acquired . | . . . Robots Built . | . . . Authchips . | . . . Time . | . . . Total Robot Build Rating . | . . . Part Schematics Acquired . | . . . Parts Built . | . . . Authchips . | . . . Time . | . . . Total Part Build Rating . | . . . Parts Repaired . | . . . Time . | . . . Parts Recycled . | . . . Recycled Matter . | . . . Retrieved Matter . | . . . Retrieved Components . | . . . Parts Scanalyzed . | . . . Part Schematics Acquired . | . . . Parts Damaged . | . . . Bothacking | -11 -10 -10 ------------ Run | Jun Mat Min Used RIF Installer . | . . . Robots Hacked . | . . . Non-combat . | . . . Combat . | . . . Robot Hacks Applied . | . . . Relay Couplers Released . | . . . Fabnet Peak Effective % . | . . . Robots Rewired . | . . . Allies Hacked . | . . . Hacks Repelled . | . . . Allies | -11 -10 -10 -------- Run | Jun Mat Min Total Allies . | . . . Largest Group . | . . . Highest-Rated Group . | . . . Highest-Rated Ally . | . . . Total Orders . | . . . Ally Attacks . | . . . Total Damage . | . . . Kills . | . . . Allies Corrupted . | . . . Allies Melted . | . . . Intel | -11 -10 -10 ------- Run | Jun Mat Min Robot Analysis Total . | . . . Derelict Logs Recovered . | . . . Drone Launches . | . . . Drone Recoveries . | . . . Exploration | -11 -10 -10 ------------- Run | Jun Mat Min Turns Passed 384 | 39 309 36 Spaces Moved 303 | 30 208 65 Core 68 | 5 . 63 Treads . | . . . Legs 235 | 25 208 2 Wheels . | . . . Hover . | . . . Flight . | . . . Fastest Speed 50 | 50 120 50 Average Speed 104 | 108 120 52 Slowest Speed 120 | 120 120 120 Overloaded Moves . | . . . Propulsion Burnouts . | . . . Robots Hopped . | . . . Cave-ins Triggered . | . . . Exploration Rate (%) 17 | 3 28 20 Regions Visited 2 Branch Regions 1 Pre-discovered Areas . | . . . Known Exits Taken 1 | . 1 . Unknown Exits Taken 1 | 1 . . Scrap Searched . | . . . Spaces Dug . | . . . Terrain Destroyed . | . . . Melee . | . . . Projectile . | . . . AOE . | . . . Terrain Rammed . | . . . Walls Destroyed . | . . . Machines Disabled . | . . . Actions | -11 -10 -10 --------- Run | Jun Mat Min Total 350 | 34 249 67 Wait 16 | . 15 1 Move 301 | 29 207 65 Hop . | . . . Pick Up 4 | . 3 1 Fast Attach 6 | 5 1 . Attach . | . . . Detach . | . . . Swap 1 | . 1 . Drop . | . . . Fire 22 | . 22 . Melee . | . . . Ram . | . . . Kick . | . . . Crush . | . . . Escape Stasis . | . . . Rewire . | . . . Trap . | . . . Miscellaneous . | . . . Route ------- -11/Junkyard -10/Materials (discovered 2 exits: [*Mat] / *Min) -10/Mines History --------- Turn | Location | Event 5 | -11/Junkyard | Discovered new exit (range 16) 40 | -11/Junkyard | Entered Materials 187 | -10/Materials | Discovered new exit (range 16) 271 | -10/Materials | Discovered new exit (range 8) 304 | -10/Materials | Build established: Mutant 348 | -10/Materials | Identified exit to Mines 349 | -10/Materials | Entered Mines 350 | -10/Mines | Assembled infested the area 352 | -10/Mines | Released all parts (6) 355 | -10/Mines | Assisted by a Guerilla fighting off Assembled 374 | -10/Mines | Received a Rocket Launcher from a helpful Derelict 379 | -10/Mines | Core integrity fell below 50% 381 | -10/Mines | Core integrity fell below 20% 385 | -10/Mines | Destroyed by as-78679 with Assembled Heavy Rifle Last Messages --------------- 00353_ K-01 Serf cleans the Core Extractor. 00354_ K-01 Serf collects debris. 00355_ A derelict emerges from the shadows: "You need to get out of here! I've been tracking a group of Assembled to figure out where they're coming from, and they're closing on this area, come on!" 00368_ A derelict emerges from the shadows. 00369_ XD-ALW(g): "Some of my friends down here think you need a mining laser when you travel the depths." 00370_ XD-ALW(g): "They are crazy." 00371_ XD-ALW(g): "Everyone knows a good old rocket launcher goes a long way." 00371_ as-69211 destroyed. 00372_ XD-ALW(g): "Need to get rid of a swarm? Done. Need a big hole in the wall? Done." 00373_ XD-ALW(g): "Need a small hole in the wall? Leave that to the mining laser wimps, I say!" 00374_ XD-ALW(g): "Would you like a rocket launcher? I know I would if I were you, so I'm going to lend you mine." 00374_ XD-ALW(g) slips back into the shadows. 00379_ Acquired Rocket Launcher. Map ----- +----------------------------------------------------+ | | | | | | | | | | | | | | | | | | | ???????????????????????????????? | | ???????????????????????????????? | | ???????????????????????????????? | | ???????????????????????????????? | | ???????????????????????????????? | | ??????????###??????????????????? | | ?????????## ##?????????????????? | | ?????????# ##????????????????? | | ########## ##???????????????? | | # #???????????????? | | # #??##???????????? | | ####### ##? ????????????? | | ###?????## #?# #????????????? | | #????????### a### ######???#???? | | #??????????# a!aaa #?? #???? | | #??????????# %|%=a ### #???? | | #??????????# ## ##### @ #???? | | ???????????# ## #???# #####???? | | ???????????# ## #???# #???????? | | ???????????# ## #???# #???????? | | ??????????? ## #???# ###?????? | | ???????????#### #??## ##????? | | ??????????????# #### ##???? | | ?????????????## % ##??? | | ????????????## #??? | | ????????????# #??? | | ????????????# ##??? | | ????????????# #???? | | ????????????### #???? | | ??????????????#### #???? | | ?????????????????## ##???? | | ??????????????????# ####????? | | ?????????????????## #???????? | | ?????????????????# #???????? | | ?????????????????# #??????? | | ?????????????????## #?????? | | ??????????????????### ##?????? | | ????????????????????#####??????? | | ???????????????????????????????? | | ???????????????????????????????? | | ???????????????????????????????? | +----------------------------------------------------+ Best States ------------- Heat Dissipation 25 Energy Generation 10 Energy Capacity 125 Matter Stores 300 Matter Capacity 300 Sight Range 16 Terrain Scan Density 10 Evasion (%) 55 Item Schematics ----------------- None Robot Schematics ------------------ None Fabricated ------------ Nothing Alien Tech Used ----------------- None Achievements -------------- None Challenges ------------ None Game ------ Seed ImprovedNeutronFacilitator Manual? 0 Play Time 00:03:20 Cumulative 399.0 hours Start 2023.03.15 @ 06:05:36 End 2023.03.15 @ 22:56:32 Sessions 2 Manual Loads 0 Difficulty Rogue Special Mode None Game No. 713 Rogue 558 Adventurer 148 Explorer 7 Win Type - Total 16 Types 14/0/1/1/0/0/0/0/0 Lore% 78 Gallery% 88 Achievement% 72 Wizard Run 0 Options --------- ASCII 0 Keyboard 0 Movement Numpad Keybinds 0 Fullscreen 2 Font 18/SmallcapsGlow Map View 76x50 Tactical HUD 1 Map Filters NONE Filters NONE Steam 1 RUN: 73bb6f51-5ecc-420f-9bdd-d3690113c039